 Dungeon Crawl Stone Soup version 0.13-a0-2496-g11650dd (webtiles) character file.

61 JogiH the Magician (level 2, 0/23 HPs)
             Began as a Djinni Wizard on July 22, 2013.
             Slain by a hobgoblin
             ... wielding a +0,+0 club
              (3 damage)
             ... on Level 1 of the Dungeon.
             The game lasted 00:04:39 (1343 turns).

JogiH the Magician (Djinni Wizard)                  Turns: 1343, Time: 00:04:39

HP   0/23        AC  2     Str  7      XL: 2   Next: 82%
MP   0/0         EV 12     Int 18      God:
Gold 36          SH  0     Dex 11      Spells:  3 memorised,  4 levels left

Res.Fire  : + + +   See Invis. : .   (no weapon)
Res.Cold  : x . .   Warding    : .   a - +0 robe
Life Prot.: + + +   Conserve   : .   (no shield)
Res.Poison: .       Res.Corr.  : +   b - +0 wizard hat
Res.Elec. : .       Clarity    : .   (no cloak)
Sust.Abil.: . .     Spirit.Shd : .   (no gloves)
Res.Mut.  : .       Stasis     : .   (boots unavailable)
Res.Rott. : .       Flight     : .   j - amulet of resist corrosion {unknown}
Saprovore : . . .                    (no ring)
                                     (no ring)

@: very slightly contaminated, not resistant to hostile enchantments, unstealthy
A: no striking features
a: no special abilities


You were on level 1 of the Dungeon.
You were not hungry.

You visited 1 branch of the dungeon, and saw 1 of its levels.

You collected 16 gold pieces.

Inventory:

Armour
 a - a +0 robe (worn)
 b - a +0 wizard hat (worn)
Scrolls
 e - a scroll of enchant weapon I {unknown}
 g - 2 scrolls of enchant armour {unknown}
 h - a scroll of fog {unknown}
 i - a scroll of remove curse {unknown}
Jewellery
 j - an amulet of resist corrosion (around neck) {unknown}
 k - an uncursed ring of see invisible {unknown}
Potions
 d - a potion of agility {unknown}
 f - a potion of curing {unknown}
 l - a potion of heal wounds {unknown}
Books
 c - a book of Minor Magic

   Spells                             Type                      Level
   *Magic Dart                        Conjuration                  1
   *Blink                             Translocation                2
   *Call Imp                          Summoning                    2
   Repel Missiles                     Charms/Air                   2
   Slow                               Hexes                        2
   Conjure Flame                      Conjuration/Fire             3
   Mephitic Cloud                     Conjuration/Poison/Air       3


   Skills:
 - Level 1.0 Fighting
 - Level 2.0 Dodging
 + Level 1.5 Stealth
 + Level 4.1 Spellcasting
 * Level 1.5 Conjurations
 + Level 1.1 Summonings
 + Level 1.0 Translocations


You had 4 spell levels left.
You knew the following spells:

 Your Spells              Type           Power        Failure   Level  Hunger
a - Magic Dart            Conj           #...         10%         1    None
b - Blink                 Tloc           N/A          14%         2    ##.....
c - Call Imp              Summ           #.........   14%         2    ##.....


Dungeon Overview and Level Annotations

Branches:
Dungeon (1/27)

Altars:


Message History

The magic dart hits the hobgoblin.
The hobgoblin is moderately wounded.
The hobgoblin hits you with a club.
Casting: Magic Dart
Confirm with . or Enter, or press ? or * to list all spells.
Aiming: Magic Dart
Press: ? - help, Shift-Dir - straight line, f/p - hobgoblin
Aim: a hobgoblin, wielding a club (moderately wounded)
The magic dart hits the hobgoblin.
The hobgoblin is severely wounded.
The hobgoblin misses you.
Casting: Magic Dart
Confirm with . or Enter, or press ? or * to list all spells.
You miscast Call Imp.
Nothing appears to happen.
Casting: Call Imp
Confirm with . or Enter, or press ? or * to list all spells.
A beastly little devil appears in a puff of flame.
You are very lightly contaminated with residual magic.
The hobgoblin hits you with a club.
You die...

##......# .+......#
.#......##########
....#.###........#
###.#.# #........# #.#.#
#........# #.#.#
#........#
###.#.###...%....########
..%.............@g.......
###.#.###........########
....#.# #.......5#
#####%# ########## #.#
#.# ## #.######### .#
#.........## . .#
#..##......# #.#


You could see a hobgoblin and a friendly crimson imp.

Vanquished Creatures
  2 goblins (D:1)
  A hobgoblin (D:1)
  2 jackals (D:1)
  4 kobolds (D:1)
  4 bats (D:1)
  A giant newt (D:1)
  A rat (D:1)
15 creatures vanquished.

Vanquished Creatures (collateral kills)
  A giant mite (D:1)
  A worm (D:1)
  An ooze (D:1)
  A hobgoblin (D:1)
  A kobold (D:1)
5 creatures vanquished.

Grand Total: 20 creatures vanquished

Notes
Turn   | Place    | Note
--------------------------------------------------------------
     0 | D:1      | JogiH, the Djinni Wizard, began the quest for the Orb.
     0 | D:1      | Reached XP level 1. HP: 14/14 MP: 0/0
   464 | D:1      | Reached XP level 2. EP: 6/22
   849 | D:1      | Learned a level 2 spell: Blink
   852 | D:1      | Learned a level 2 spell: Call Imp
  1030 | D:1      | Reached skill level 4 in Spellcasting
  1266 | D:1      | Reached skill level 1 in Fighting
  1343 | D:1      | Slain by a hobgoblin

Action                   || total
-------------------------++-------
Melee: Unarmed           ||    11
 Cast: Magic Dart        ||    45
       Call Imp          ||     7
  Use: Scroll            ||     1
